 Dungeon Crawl Stone Soup version 0.30-a0-696-g2367cd04db (webtiles) character file.

Game seed: 13057003876445488404

9595 Newt the Frost Mage (level 11, -11/86 HPs)
             Began as a Demonspawn Gladiator on Jan 20, 2023.
             Was a Follower of Kikubaaqudgha.
             Mangled by a skeletal warrior
             ... wielding a +0 hand axe
              (17 damage)
             ... on level 10 of the Dungeon.
             The game lasted 00:16:34 (12097 turns).

Newt the Frost Mage (Demonspawn Gladiator)         Turns: 12097, Time: 00:16:35

Health: -11/86     AC: 14    Str: 21    XL:     11   Next: 25%
Magic:  20/29      EV: 13    Int: 11    God:    Kikubaaqudgha [*.....]
Gold:   648        SH:  5    Dex: 14    Spells: 14/22 levels left

rFire   x . .      SeeInvis .    J - +7 war axe of the Futuristic God {pain, rC++ Str+3}
rCold   + + +      Faith    .    (no shield)
rNeg    . . .      Spirit   .    s - +2 robe {Archmagi}
rPois   .          Reflect  +    (helmet restricted)
rElec   .          Harm     .    j - +2 cloak
rCorr   .          Rampage  .    o - +2 pair of gloves
Will    .....      Archmagi +    L - +2 pair of boots
Stlth   ++                       D - amulet of reflection
HPRegen 0.34/turn                x - ring of ice
MPRegen 0.21/turn                B - ring of magical power

@: no status effects
A: antennae 1, rugged brown scales 1, demonic magic 1, mutation resistance 1
a: Renounce Religion, Unearth Wretches


You were on level 10 of the Dungeon.
You worshipped Kikubaaqudgha.
Kikubaaqudgha was aware of your devotion.
You visited 2 branches of the dungeon, and saw 11 of its levels.
You also visited: Ossuary.

You collected 648 gold pieces.

Inventory:

Hand Weapons
 a - a +0 rapier
 r - a +5 scythe of flaming
 J - the +7 war axe of the Futuristic God (weapon) {pain, rC++ Str+3}
   (You took it off an orc on level 10 of the Dungeon)

   Str:       It affects your strength (+3).
   rC:        It greatly protects you from cold.
 N - a +4 trident of protection
Missiles
 d - 3 throwing nets
 g - a javelin
 n - 9 poisoned darts
Armour
 b - a +0 leather armour
 c - a +0 helmet
 j - a +2 cloak (worn)
 l - a +1 pair of boots
 m - an orb of mayhem
 o - a +2 pair of gloves (worn)
 s - a +2 robe of the Archmagi (worn)
 L - a +2 pair of boots (worn)
 O - a +1 ring mail of poison resistance
Jewellery
 p - a ring of flight
 v - an amulet of faith
 x - a ring of ice (left hand)
 B - a ring of magical power (right hand)
 D - an amulet of reflection (around neck)
 P - an amulet of guardian spirit
Wands
 e - a wand of iceblast (2)
 t - a wand of digging (2)
 C - a wand of light (3)
Scrolls
 q - 2 scrolls of fog
 y - 2 scrolls of fear
 A - a scroll of teleportation
 G - a scroll of butterflies
 K - 2 scrolls of enchant armour
 M - a scroll of silence
Potions
 f - 3 potions of might
 h - 3 potions of heal wounds
 i - a potion of flight
 k - 2 potions of cancellation
 u - 5 potions of brilliance
 w - 4 potions of curing
 z - a potion of degeneration
 E - a potion of haste {unknown}
 F - 3 potions of lignification {unknown}
 H - a potion of ambrosia {unknown}
 I - a potion of invisibility {unknown}


   Skills:
 - Level 7.0 Fighting
 - Level 4.0 Short Blades
 - Level 6.0 Polearms
 - Level 1.7 Throwing
 - Level 4.0 Dodging
 - Level 3.0 Stealth
 - Level 6.0 Spellcasting
 - Level 5.0 Summonings
 + Level 7.3 Necromancy
 - Level 8.0 Ice Magic


You had 14 spell levels left.
You knew the following spells:

 Your Spells              Type           Power      Damage    Failure   Level
a - Summon Ice Beast      Ice/Summ       39%        N/A       13%         4
b - Animate Dead          Necr           29%        N/A       10%         4

Your spell library contained the following spells:

 Spells                   Type           Power      Damage    Failure   Level
 Necrotise                Necr           100%       1d9       1%          1
 Vampiric Draining        Necr           29%        2d8       2%          3
 Kiss of Death            Conj/Necr      68%        2d10      4%          1
 Apportation              Tloc           8%         N/A       19%         1
 Agony                    Necr           29%        N/A       26%         5
 Dazzling Flash           Conj/Hex       8%         N/A       50%         3
 Inner Flame              Hex/Fire       4%         N/A       50%         3
 Cause Fear               Hex            2%         N/A       88%         4
 Flame Wave               Conj/Fire      4%         2d5       88%         4
 Sticky Flame             Conj/Fire      4%         2d3       88%         4
 Summon Mana Viper        Hex/Summ       13%        N/A       88%         5
 Alistair's Intoxication  Tmut/Pois      2%         N/A       99%         5
 Silence                  Hex/Air        2%         N/A       99%         5
 Yara's Violent Unravell  Hex/Tmut       2%         3d3       99%         5
 Monstrous Menagerie      Summ           10%        N/A       100%        7


Dungeon Overview and Level Annotations

Branches:
Dungeon (10/15)            Temple (1/1) D:7         Ossuary (visited)
   Lair: D:8-11         Orc: D:9-12

Altars:
Ashenzari
Cheibriados
Dithmenos
Fedhas
Gozag
Hepliaklqana
Kikubaaqudgha
Makhleb
Nemelex Xobeh
Okawaru
Qazlal
Ru
Sif Muna
Trog
Uskayaw
Vehumet
Wu Jian
Xom
Yredelemnul

Shops:
D:10 (

Annotations:
D:9 3 runed translucent doors


Innate Abilities, Weirdness & Mutations

You have a pair of small antennae on your head.
You are partially covered in rugged brown scales. (AC +1, +3% HP)
Spells you cast may paralyse adjacent enemies.
You are somewhat resistant to further mutation.


Message History

Your two-headed ogre zombie hits the skeletal warrior but does no damage. x2
The skeletal warrior hits your two-headed ogre zombie with a +0 hand axe!!
Your two-headed ogre zombie is destroyed!
The skeletal warrior hits your ice beast with a +0 hand axe!
The skeletal warrior hits you with a +0 hand axe.
Your ice beast hits the skeletal warrior.
Your ice beast freezes the skeletal warrior.
The skeletal warrior resists.
You hit the skeletal warrior.
The skeletal warrior is severely damaged.
Your ice beast hits the skeletal warrior but does no damage.
The skeletal warrior hits your ice beast but does no damage.
The skeletal warrior hits you with a +0 hand axe!
You slash the skeletal warrior!
The skeletal warrior is severely damaged.
Your ice beast hits the skeletal warrior but does no damage.
The skeletal warrior hits you with a +0 hand axe!!
The skeletal warrior hits your ice beast with a +0 hand axe!
The skeletal warrior hits you with a +0 hand axe.
The skeletal warrior hits your ice beast with a +0 hand axe!!
Your ice beast dies!
Your ice beast disappears in a puff of smoke!
You slash the skeletal warrior!
The skeletal warrior is almost destroyed.
The skeletal warrior hits you with a +0 hand axe.
Casting: Summon Ice Beast (dangerous; 13% risk of failure)
Press: ? - help, Q - select action, (/) - cycle Dir - look around, f - activate You feel a strong surge of power!
A chill wind blows around you. Malevolent energies surge around you.
The skeletal warrior misses you.
The skeletal warrior hits your ice beast with a +0 hand axe!
You hit the skeletal warrior but do no damage.
The skeletal warrior is almost destroyed.
The skeletal warrior hits you with a +0 hand axe!!
* * * LOW HITPOINT WARNING * * *
The skeletal warrior hits your ice beast with a +0 hand axe.
Your ice beast completely misses the skeletal warrior.
The skeletal warrior hits you with a +0 hand axe!
You die...
Kikubaaqudgha rasps: "You have failed me!
Welcome... death!"

#..........#...# #.
#..........#...############
##..........#.............##
####...........#...############
#....8.....)...#...# ##.
###..)......)...##...# #..
#....>...........#...# ##.
..............[..#...###########.
...∩............@................
.[.........>....z################
.<...............Y........#
....#.....................# ##
......#.########.########.######.
.....#..#♣≈ ♣♣~.♣♣ ♣≈♣#........
##.#...##♣≈♣♣♣~≈~~♣♣♣♣≈♣#........
#...#..#.~.♣♣♣~.♣~.♣.~.#........
##.####.#♣.~♣♣♣.~♣.~♣~.♣#........


You could see a skeletal warrior (ally target) and a friendly ice beast
(summoned).

Vanquished Creatures
  2 two-headed ogres (D:10)
  A death drake (shapeshifter) (D:10)
  A cyclops (D:9)
  A gargoyle (D:10)
  Maggie (D:7)
  A hornet (D:7)
  Sigmund (D:3)
  7 yaks (D:10)
  A vampire (D:10)
  2 steam dragons
  4 water moccasins
  A nameless horror (D:9)
  2 orc warriors
  An ice beast (D:6)
  3 sky beasts
  3 black bears
  2 centaurs
  2 ogres (D:5)
  3 phantoms (D:5)
  3 kobold brigands
  3 necrophages
  4 bullfrogs
  A gnoll sergeant (D:9)
  2 scorpions (D:6)
  A killer bee (D:10)
  3 electric eels (D:10)
  2 howler monkeys
  3 centaur zombies (Ossuary)
  4 hounds
  3 jellies
  A human zombie (Ossuary)
  3 orc priests
  3 iguanas
  Ijyb (D:3)
  12 orc wizards
  2 mummies (Ossuary)
  7 adders
  13 gnolls
  A shadow imp (D:5)
  An ufetubus (D:5)
  A worm (D:2)
  6 dart slugs
  22 orcs
  5 ball pythons
  5 endoplasms
  3 giant cockroaches
  4 goblins
  5 hobgoblins
  6 jackals
  4 quokkas
  A bat (D:3)
  4 frilled lizards
  2 goblin zombies (Ossuary)
  8 hobgoblin zombies (Ossuary)
  A jackal zombie (Ossuary)
  17 kobolds
  13 kobold zombies (Ossuary)
  6 orc zombies (Ossuary)
  8 rats
  3 rat zombies (Ossuary)
236 creatures vanquished.

Vanquished Creatures (collateral kills)
  2 trolls
  2 yaks (D:10)
  A wraith (D:10)
  A vampire (D:10)
  A howler monkey (D:10)
  An electric eel (D:10)
  A gnoll bouda (D:8)
  2 orc wizards
  3 gnolls
  4 orcs
18 creatures vanquished.

Vanquished Creatures (others)
  A two-headed ogre zombie (D:10)
  12 plants (D:10)
13 creatures vanquished.

Grand Total: 267 creatures vanquished

Notes
Turn   | Place    | Note
-------+----------+-------------------------------------------
     0 | D:1      | Newt the Demonspawn Gladiator began the quest for the Orb.
     0 | D:1      | Reached XP level 1. HP: 16/16 MP: 1/1
   200 | D:1      | Reached skill level 1 in Stealth
   232 | D:1      | Found a faded altar of an unknown god.
   254 | D:1      | Gained mutation: You are partially covered in rugged brown
                  | scales. (AC +1, +3% HP) [demonic ancestry]
   254 | D:1      | Reached XP level 2. HP: 12/22 MP: 2/2
   711 | D:1      | Reached XP level 3. HP: 27/27 MP: 3/3
  1854 | D:3      | Found a sacrificial altar of Ru.
  1878 | D:3      | Reached XP level 4. HP: 28/35 MP: 4/4
  1907 | D:3      | Noticed Ijyb
  1926 | D:3      | Killed Ijyb
  2515 | D:3      | Noticed Sigmund
  2523 | D:3      | Killed Sigmund
  2524 | D:3      | Reached XP level 5. HP: 41/43 MP: 5/5
  2524 | D:3      | Reached XP level 6. HP: 47/49 MP: 6/6
  2790 | D:4      | Found a sand-covered staircase.
  2802 | Ossuary  | Entered an ossuary
  3217 | Ossuary  | Reached skill level 1 in Polearms
  3485 | D:4      | Reached XP level 7. HP: 53/55 MP: 7/7
  3709 | D:4      | Found a radiant altar of Vehumet.
  3762 | D:4      | Found an opulent altar of Gozag.
  4368 | D:5      | Entered Level 5 of the Dungeon
  4472 | D:5      | Found a shimmering blue altar of Sif Muna.
  4523 | D:5      | Reached skill level 5 in Polearms
  4661 | D:5      | Gained mutation: Spells you cast may paralyse adjacent
                  | enemies. [demonic ancestry]
  4661 | D:5      | Reached XP level 8. HP: 61/61 MP: 8/8
  4671 | D:5      | Reached skill level 1 in Spellcasting
  5167 | D:6      | Found an ornate altar of the Wu Jian Council.
  5343 | D:6      | Found a blossoming altar of Fedhas.
  5366 | D:6      | Reached skill level 5 in Spellcasting
  5771 | D:6      | Reached skill level 1 in Summonings
  5852 | D:6      | Gained mutation: You have a pair of small antennae on your
                  | head. [demonic ancestry]
  5852 | D:6      | Reached XP level 9. HP: 58/66 MP: 18/18
  6466 | D:7      | Noticed Maggie
  6482 | D:7      | Killed Maggie
  6483 | D:7      | Reached skill level 5 in Summonings
  6490 | D:7      | Reached skill level 2 in Ice Magic
  6620 | D:7      | Learned a level 4 spell: Summon Ice Beast
  6760 | D:7      | Reached skill level 3 in Ice Magic
  6821 | D:7      | Found a staircase to the Ecumenical Temple.
  6847 | Temple   | Entered the Ecumenical Temple
  6933 | D:7      | Found a shadowy altar of Dithmenos.
  6985 | D:7      | Reached skill level 4 in Ice Magic
  6986 | D:7      | Found a hazy altar of Hepliaklqana.
  7328 | D:7      | Reached skill level 5 in Ice Magic
  7810 | D:8      | Reached skill level 5 in Fighting
  7866 | D:8      | Found an iron altar of Okawaru.
  7968 | D:8      | Reached XP level 10. HP: 78/78 MP: 19/19
  9117 | D:9      | Found a runed translucent gate.
  9118 | D:9      | Found a runed translucent gate.
  9118 | D:9      | Found a runed translucent gate.
  9122 | D:9      | Noticed a white ugly thing
  9123 | D:9      | Noticed a green ugly thing
  9123 | D:9      | Noticed a purple ugly thing
  9123 | D:9      | Noticed a glowing orange brain
  9123 | D:9      | Noticed a green ugly thing
  9124 | D:9      | Noticed a red ugly thing
  9204 | D:9      | Noticed a cyclops
  9211 | D:9      | Killed a cyclops
  9295 | D:9      | Found an ancient bone altar of Kikubaaqudgha.
  9480 | D:9      | Became a worshipper of Kikubaaqudgha
  9788 | D:10     | Entered Level 10 of the Dungeon
  9788 | D:10     | Found Ytzeczio's Antique Weapon Shop.
  9959 | D:10     | Reached skill level 6 in Ice Magic
 10221 | D:10     | Noticed a water nymph
 10249 | D:10     | Reached skill level 7 in Ice Magic
 10554 | D:10     | Gained mutation: You expend magic power (3 MP) to
                  | strengthen your wands. [potion of mutation]
 10554 | D:10     | Gained mutation: You are somewhat resistant to further
                  | mutation. [potion of mutation]
 10554 | D:10     | Gained mutation: You occasionally lose the ability to read
                  | scrolls when taking damage. [potion of mutation]
 10555 | D:10     | Lost mutation: You occasionally lose the ability to read
                  | scrolls when taking damage. [potion of mutation]
 10555 | D:10     | Lost mutation: You expend magic power (3 MP) to strengthen
                  | your wands. [potion of mutation]
 10772 | D:10     | Identified the +7 war axe of the Futuristic God {pain, rC++
                  | Str+3}
 10819 | D:10     | Reached skill level 8 in Ice Magic
 10819 | D:10     | Reached skill level 1 in Necromancy
 10899 | D:10     | Noticed a gargoyle
 10905 | D:10     | Reached * piety under Kikubaaqudgha
 10905 | D:10     | Received a gift from Kikubaaqudgha
 10910 | D:10     | Killed a gargoyle
 11060 | D:10     | Learned a level 4 spell: Animate Dead
 11086 | D:10     | Noticed a two-headed ogre
 11091 | D:10     | Killed a two-headed ogre
 11092 | D:10     | Reached skill level 5 in Necromancy
 11092 | D:10     | Reached XP level 11. HP: 61/86 MP: 20/20
 11180 | D:10     | Noticed a death drake
 11187 | D:10     | Killed a death drake
 11271 | D:10     | Got Peca's Excursus on the Fairies
 11285 | D:10     | Noticed a two-headed ogre
 11287 | D:10     | Noticed a skeletal warrior
 11528 | D:10     | Killed a two-headed ogre
 12097 | D:10     | Mangled by a skeletal warrior

Illustrated notes

Levels and vault maps discovered:
D:1:      spicycebolla_green_bress_n_ham_2, layout_basic,
          hellmonk_ecumenical_altar_run_dry
D:2:      layout_loops_ring
D:3:      layout_basic, mainiacjoe_overflow_boulevard,
          hangedman_decor_slide_cut, uniq_sigmund, uniq_ijyb
D:4:      layout_loops_corners, mainiacjoe_overflow_surrounded_room,
          mainiacjoe_overflow_small_starburst, nicolae_ossuary_entry_monument
D:5:      layout_gridville, nicolae_sif_muna_condensation
D:6:      layout_gridville, kennysheep_little_box, mainiacjoe_overflow_chevrons,
          minmay_increasing_density
D:7:      layout_basic, mainiacjoe_overflow_six_doors_small, marbit_many_paths,
          minmay_temple_entry_waves, uniq_maggie
D:8:      layout_basic, okawaru_metal_pillars_1_2, minmay_misc_feat_diagonals
D:9:      layout_cave_pools, mainiacjoe_overflow_alcove_4,
          overflow_temple_1_default,
          ploomutoo_gammafunk_ghost_potion_laboratory, serial_column_ruins,
          column_ruins_hut_pillars, column_ruins_square_small,
          column_ruins_grid_1, column_ruins_grid_3, column_ruins_columns_corner
D:10:     nzn_winding_woodlands_cross
          [nzn_winding_woodlands_5x15_river_crossing,
          nzn_winding_woodlands_5x15_concentric,
          nzn_winding_woodlands_5x15_jagged,
          nzn_winding_woodlands_5x15_lazy_stream,
          nzn_winding_woodlands_15x15_eel_pit], layout_rooms, minivault_19,
          grunt_ogre_cave, nicolae_stop_n_shop_1, kennysheep_opposing_triangles
Temple:   hellmonk_temple_of_storms

Skill      XL: |  1  2  3  4  5  6  7  8  9 10 11 |
---------------+----------------------------------+-----
Stealth        | 1 2 3 |  3.0
Fighting       | 4 5 7 |  7.0
Short Blades   | 4 |  4.0
Dodging        | 3 4 |  4.0
Polearms       | 2 5 6 |  6.0
Spellcasting   | 6 |  6.0
Summonings     | 1 5 |  5.0
Ice Magic      | 5 8 |  8.0
Necromancy     | 5 7 |  7.3
Throwing       | |  1.7

Action                   |  1- 3 |  4- 6 |  7- 9 | 10-12 || total
-------------------------+-------+-------+-------+-------++-------
Melee: Rapier            |   104 |    33 |       |       ||   137
       Punch             |       |     1 |       |       ||     1
       Halberd           |       |   119 |   300 |   220 ||   639
       War axe           |       |       |       |    16 ||    16
Throw: Javelin           |     1 |       |       |       ||     1
       Dart              |       |     5 |       |       ||     5
       Throwing net      |       |     2 |     2 |     1 ||     5
 Cast: Summon Ice Beast  |       |       |     2 |    24 ||    26
       Animate Dead      |       |       |       |     1 ||     1
Evoke: Wand              |       |     4 |       |       ||     4
  Use: Scroll            |     5 |     4 |     1 |    11 ||    21
       Potion            |     1 |     1 |       |     3 ||     5
 Stab: Sleeping          |     8 |     5 |    12 |     5 ||    30
       Paralysed         |       |       |       |    11 ||    11
       Distracted        |       |       |       |     1 ||     1
Armor: Leather armour    |    18 |    33 |    98 |       ||   149
       Robe              |       |       |     9 |    99 ||   108
Dodge: Dodged            |    47 |    88 |   155 |   128 ||   418
Block: Other             |       |       |    16 |    58 ||    74
       Reflection        |       |       |       |     2 ||     2

Table legend: (Time is in decaauts)
 A = Elapsed time spent in this place.
 B = Non-inter-level travel time spent in this place.
 C = Inter-level travel time spent in this place.
 D = Time resting spent in this place.
 E = Time spent auto-exploring this place.
 F = Levels seen in this place.
 G = Mean time per level.
                   A        B        C        D        E       F      G
               +--------+--------+--------+--------+--------+-----+--------+
         Total |  12313 |  12084 |    229 |   2894 |   7028 |  12 | 1026.1 |
       Dungeon |  11626 |  11404 |    222 |   2591 |   6867 |  10 | 1162.6 |
        Temple |     50 |     43 |      7 |      0 |     30 |   1 |   50.0 |
       Ossuary |    636 |    636 |      0 |    303 |    131 |   1 |  636.0 |
               +--------+--------+--------+--------+--------+-----+--------+

Top non-repeatable levels by time:
    D:10: 2032 daAuts
     D:6: 1438 daAuts
     D:8: 1245 daAuts
     D:7: 1212 daAuts
     D:9: 1191 daAuts
     D:4: 1101 daAuts
     D:3: 1043 daAuts
     D:1: 921 daAuts
     D:2: 748 daAuts
     D:5: 691 daAuts
 Ossuary: 636 daAuts
  Temple: 50 daAuts
